 Dungeon Crawl Stone Soup version 0.20.1 (webtiles) character file.

4453 Inarius the Nimble (level 10, -3/76 HPs)
             Began as a Merfolk Skald on July 1, 2017.
             Was a Believer of Kikubaaqudgha.
             Slain by a wight
             ... wielding a +5 mace
              (7 damage)
             ... on level 7 of the Dungeon on July 2, 2017.
             The game lasted 00:41:01 (13066 turns).

Inarius the Nimble (Merfolk Skald)                 Turns: 13066, Time: 00:41:03

Health: -3/76      AC:  5    Str: 13    XL:     10   Next: 37%
Magic:  5/18       EV: 16    Int: 13    God:    Kikubaaqudgha [**....]
Gold:   294        SH:  0    Dex: 17    Spells: 0/19 levels left

rFire    + . .     SeeInvis .   t - +1 dagger (pain)
rCold    + . .     Gourm    .   (no shield)
rNeg     + . .     Faith    .   J - +0 steam dragon scales
rPois    .         Spirit   .   s - +1 helmet
rElec    .         Reflect  .   h - scarf {rC+ rF+}
rCorr    .         Harm     .   M - +0 pair of gloves
MR       .....                  (no boots)
Stlth    ++........             (no amulet)
Regen    0.3/turn               B - ring of positive energy
MPRegen  0.2/turn               S - ring of wizardry

@: heavily drained
A: change form in water, swift swim, stealthy swim, agile 1, blurry vision 1,
deformed body, subdued magic 1
a: Receive Corpses, Renounce Religion


You were on level 7 of the Dungeon.
You worshipped Kikubaaqudgha.
Kikubaaqudgha was pleased with you.
You were hungry.

You visited 2 branches of the dungeon, and saw 9 of its levels.

You collected 294 gold pieces.

Inventory:

Hand Weapons
 o - a +6 mace of protection
 t - a +1 dagger of pain (weapon)
Armour
 b - a +0 leather armour of poison resistance
 h - a scarf of resistance (worn)
 s - a +1 helmet (worn)
 J - +0 steam dragon scales (worn)
 M - a +0 pair of gloves (worn)
Jewellery
 B - a ring of positive energy (left hand)
 S - a ring of wizardry (right hand)
Wands
 a - a wand of acid (7/15)
 x - a wand of confusion (31/48)
 y - a wand of polymorph (5/24)
 F - a wand of lightning (9/15)
 K - a wand of iceblast (12/15)
 N - a wand of paralysis (13/24)
 O - a wand of paralysis (15/24)
 R - a wand of confusion (19/48)
Scrolls
 j - 11 scrolls of teleportation
 n - 2 scrolls of fog
 p - 5 scrolls of enchant armour
 q - 3 scrolls of remove curse
 D - a scroll of fear
 I - 2 scrolls of noise {unknown}
 P - 2 scrolls of immolation {unknown}
 T - a scroll of blinking {unknown}
Potions
 d - a potion of cancellation
 e - a potion of magic
 f - 2 potions of mutation {unknown}
 i - 2 potions of agility
 k - a potion of ambrosia
 l - 4 potions of heal wounds {unknown}
 r - a potion of haste
 u - a potion of lignification {unknown}
 v - a potion of resistance
 w - 3 potions of degeneration {unknown}
 z - 2 potions of might
 A - 2 potions of flight
 H - a potion of curing
Books
 c - a book of Battle

   Spells                             Type                      Level
   a - Infusion                       Charms                       1
   b - Shroud of Golubria             Charms/Translocation         2
   c - Song of Slaying                Charms                       2
   d - Spectral Weapon                Hexes/Charms                 3
   e - Regeneration                   Charms/Necromancy            3
 C - a book of Maledictions

   Spells                             Type                      Level
   a - Corona                         Hexes                        1
   b - Ensorcelled Hibernation        Hexes/Ice                    2
   c - Confuse                        Hexes                        3
   d - Tukima's Dance                 Hexes                        3
   e - Dazzling Spray                 Conjuration/Hexes            3
 L - Kikubaaqudgha's Tome of Unholy Rituals
   (Kikubaaqudgha gifted it to you on level 7 of the Dungeon)

   Spells                             Type                      Level
   a - Animate Skeleton               Necromancy                   1
   b - Corpse Rot                     Necromancy                   2
   c - Sublimation of Blood           Necromancy                   2
   d - Vampiric Draining              Necromancy                   3
   e - Control Undead                 Necromancy                   4
Comestibles
 g - 5 meat rations
 E - 2 royal jellies
 G - 2 bread rations


   Skills:
 + Level 6.2(4.1) Fighting
 + Level 7.4(5.2) Short Blades
 - Level 0.1(0.0) Maces & Flails
 - Level 3.0(1.1) Armour
 + Level 8.4(6.2) Dodging
 + Level 4.3(2.3) Stealth
 + Level 5.4(3.3) Spellcasting
 + Level 1.2(0.0) Hexes
 + Level 6.6(4.4) Charms
 * Level 4.0(2.0) Necromancy
 + Level 0.7(0.0) Translocations


You couldn't memorise any spells.
You knew the following spells:

 Your Spells              Type           Power        Failure   Level  Hunger
a - Infusion              Chrm           ##..         1%          1    #......
b - Song of Slaying       Chrm           ##......     1%          2    ##.....
c - Regeneration          Chrm/Necr      #.........   6%          3    ###....
d - Spectral Weapon       Hex/Chrm       #.......     9%          3    ###....
e - Shroud of Golubria    Chrm/Tloc      #.........   4%          2    ##.....
f - Corona                Hex            #......      8%          1    #......
g - Animate Skeleton      Necr           N/A          3%          1    #......
h - Tukima's Dance        Hex            #.......     22%         3    ###....
i - Confuse               Hex            #.......     22%         3    ###....


Dungeon Overview and Level Annotations

Branches:
Dungeon (8/15)             Temple (1/1) D:5
   Lair: D:8-11

Altars:
Ashenzari
Cheibriados
Dithmenos
Elyvilon
Fedhas
Gozag
Hepliaklqana
Kikubaaqudgha
Makhleb
Nemelex Xobeh
Okawaru
Qazlal
Ru
Sif Muna
Trog
Uskayaw
Vehumet
Xom
Yredelemnul
Zin
The Shining One


Innate Abilities, Weirdness & Mutations

You revert to your normal form in water.
You are very nimble and swift while swimming.
You are very stealthy in the water. (Stealth+)
You are agile. (Dex +2)
Scrolls take you a little longer to read.
Armour fits poorly on your strangely shaped body.
Your spells are a little easier to cast, but a little less powerful.


Message History

You hit the wight but do no damage.
The wight is severely damaged.
Your skin stops crawling.
The wight completely misses you.
You barely miss the wight.
The wight is severely damaged.
You barely miss the wight.
The wight is severely damaged.
The wight barely misses you.
You hit the wight.
The wight is severely damaged.
The wight hits you with an enchanted mace!
* * * LOW HITPOINT WARNING * * *
You hit the wight.
The wight is severely damaged.
You hit the wight.
The wight is severely damaged.
The wight hits you with an enchanted mace!
You die...
Kikubaaqudgha rasps: "You have failed me!
Welcome... death!"

.._.#############################
........................>........
..........############.#########.
..........###.≈≈## #.# #..<.#.
..#........#...≈≈#####'## #.#..#.
..+...........⌠.≈##.....# #.####.
..#........#.)..≈##.....# #......
..#........##....≈#.....# #######
..#........#####@≈####'##
..#.........###.z≈# #.#
.....######.##...≈# #.#
.....######.#≈...## #.#
#....#....#.#≈..## #>#
#.........#.#≈.#### #.#
#.........#.#≈....####.#
#.........#.##≈....#.#^#
#.........#..#≈.⌠......#


You could see a wight.

Vanquished Creatures
  Grinder (D:4)
  Sigmund (D:3)
  2 hippogriffs
  Eustachio (D:6)
  Menkaure (D:4)
  3 steam dragons (D:7)
  2 water moccasins
  An ice beast (D:8)
  An orc warrior (D:6)
  2 sky beasts
  3 ogres
  2 phantoms
  2 centaurs
  The ghost of NormalPerson7 the Gusty, an amateur TeAE (D:3)
  3 big kobolds
  5 bullfrogs
  4 wights
  A bullfrog zombie (D:7)
  A crimson imp (D:4)
  3 centaur zombies
  A jelly (D:6)
  3 orc priests (D:6)
  3 hounds
  8 orc wizards
  2 bullfrog skeletons
  5 worker ants
  Ijyb (D:4)
  2 iguanas
  Natasha (thrice) (D:3)
  2 hound skeletons
  A mummy (D:8)
  Robin (D:3)
  A howler monkey skeleton (D:7)
  4 adders
  A shadow imp (D:6)
  An ooze (D:4)
  2 adder skeletons
  6 worms
  2 dart slugs
  5 leopard geckos
  28 orcs
  6 bats
  A giant cockroach (D:1)
  12 goblins
  11 hobgoblins
  12 jackals
  18 kobolds
  5 quokkas
  3 ball pythons
  6 frilled lizards
  A quokka skeleton (D:7)
  4 rats
201 creatures vanquished.

Vanquished Creatures (collateral kills)
  An adder (D:8)
1 creature vanquished.

Vanquished Creatures (others)
  A dancing weapon (D:7)
  A spectral weapon (D:6)
2 creatures vanquished.

Grand Total: 204 creatures vanquished

Notes
Turn   | Place    | Note
-------+----------+-------------------------------------------
     0 | D:1      | Inarius the Merfolk Skald began the quest for the Orb.
     0 | D:1      | Reached XP level 1. HP: 16/16 MP: 3/3
   152 | D:1      | Reached XP level 2. HP: 18/23 MP: 1/5
   209 | D:1      | Learned a level 2 spell: Song of Slaying
   306 | D:1      | Reached skill level 3 in Dodging
   674 | D:1      | Reached skill level 1 in Stealth
   674 | D:1      | Reached XP level 3. HP: 20/28 MP: 4/6
  1149 | D:2      | Found a sparkling altar of Nemelex Xobeh.
  2143 | D:3      | Noticed NormalPerson7's ghost (amateur TeAE)
  2192 | D:3      | Reached XP level 4. HP: 18/34 MP: 2/7
  2445 | D:3      | Noticed Sigmund
  2531 | D:3      | Killed Sigmund
  2531 | D:3      | Reached skill level 1 in Armour
  2531 | D:3      | Reached skill level 4 in Dodging
  2531 | D:3      | Reached XP level 5. HP: 15/40 MP: 1/8
  2802 | D:3      | Noticed Natasha
  2812 | D:3      | Killed Natasha
  2812 | D:3      | Reached XP level 6. HP: 26/46 MP: 5/9
  2958 | D:3      | Noticed Robin
  2997 | D:3      | Killed Robin
  3236 | D:3      | Killed NormalPerson7's ghost
  3311 | D:3      | Noticed Natasha
  3316 | D:3      | Killed Natasha
  3457 | D:3      | Learned a level 3 spell: Regeneration
  3461 | D:3      | Learned a level 3 spell: Spectral Weapon
  3702 | D:3      | Found a faded altar of an unknown god.
  3712 | D:3      | Noticed Natasha
  3720 | D:3      | Killed Natasha
  3908 | D:3      | Reached XP level 7. HP: 32/52 MP: 8/10
  4026 | D:3      | Found a radiant altar of Vehumet.
  4437 | D:4      | Noticed Ijyb
  4469 | D:4      | Killed Ijyb
  4469 | D:4      | Reached skill level 1 in Necromancy
  4644 | D:4      | Noticed Menkaure
  4659 | D:4      | Killed Menkaure
  4659 | D:4      | Reached skill level 5 in Short Blades
  4659 | D:4      | Reached skill level 5 in Dodging
  4875 | D:4      | Found a burning altar of Makhleb.
  5475 | D:3      | Reached XP level 8. HP: 49/60 MP: 0/12
  5661 | D:4      | Learned a level 2 spell: Shroud of Golubria
  5788 | D:4      | Learned a level 1 spell: Corona
  6218 | D:4      | Noticed Grinder
  6235 | D:4      | Killed Grinder
  6318 | D:4      | Reached skill level 6 in Dodging
  6477 | D:5      | Entered Level 5 of the Dungeon
  6626 | D:5      | Found an ancient bone altar of Kikubaaqudgha.
  6769 | D:5      | Found a shattered altar of Ashenzari.
  6786 | D:5      | Found a staircase to the Ecumenical Temple.
  6841 | D:5      | Reached skill level 5 in Charms
  7010 | Temple   | Entered the Ecumenical Temple
  7201 | D:5      | Upgraded the game from 0.20.0-15-g7f486f2 to 0.20.1
  7201 | D:5      | Became a worshipper of Kikubaaqudgha
  7355 | D:5      | Found a glowing golden altar of the Shining One.
  7515 | D:5      | Found a basalt altar of Yredelemnul.
  8132 | D:6      | Noticed Eustachio
  8146 | D:6      | Killed Eustachio
  8146 | D:6      | Reached skill level 5 in Fighting
  8146 | D:6      | Reached XP level 9. HP: 36/68 MP: 3/14
  9711 | D:6      | Gained mutation: Armour fits poorly on your strangely shaped body. [mutagenic meat]
  9712 | D:6      | Gained mutation: You are agile. (Dex +2) [mutagenic meat]
  9713 | D:6      | Gained mutation: Scrolls take you a little longer to read. [mutagenic meat]
  9714 | D:6      | Gained mutation: Your spells are a little easier to cast, but a little less powerful. [mutagenic meat]
 10413 | D:7      | Reached skill level 7 in Dodging
 11067 | D:7      | Found an opulent altar of Gozag.
 11071 | D:7      | Found a shadowy altar of Dithmenos.
 11071 | D:7      | Found a deep blue altar of Sif Muna.
 11071 | D:7      | Found a bloodstained altar of Trog.
 11169 | D:7      | Reached * piety under Kikubaaqudgha
 11169 | D:7      | Identified Kikubaaqudgha's Tome of Unholy Rituals (Kikubaaqudgha gifted it to you on level 7 of the Dungeon)
 11169 | D:7      | Received a gift from Kikubaaqudgha
 11186 | D:7      | Learned a level 1 spell: Animate Skeleton
 11190 | D:7      | Learned a level 3 spell: Tukima's Dance
 11263 | D:7      | Reached skill level 5 in Spellcasting
 11263 | D:7      | Reached XP level 10. HP: 44/76 MP: 14/17
 11272 | D:7      | Reached skill level 8 in Dodging
 11282 | D:7      | Gained mutation: Your muscles are strong. (Str +2) [mutagenic meat]
 11284 | D:7      | Lost mutation: Your muscles are strong. (Str +2) [mutagenic meat]
 11904 | D:8      | Found a snail-covered altar of Cheibriados.
 11941 | D:8      | Reached skill level 1 in Hexes
 12718 | D:8      | Reached ** piety under Kikubaaqudgha
 12730 | D:8      | Learned a level 3 spell: Confuse
 13011 | D:7      | HP: 2/76 [wight/enchanted mace (7)]
 13026 | D:7      | HP: 2/76 [wight/enchanted mace (5)]
 13064 | D:7      | HP: 3/76 [wight/enchanted mace (10)]
 13066 | D:7      | Slain by a wight

Skill      XL: |  1  2  3  4  5  6  7  8  9 10 |
---------------+-------------------------------+-----
Dodging        | 3 4 5 6 7 8 |  8.4
Stealth        | 1 2 3 4 |  4.3
Short Blades   | 4 5 6 7 |  7.4
Armour         | 1 2 3 |  3.0
Fighting       | 3 5 6 |  6.2
Necromancy     | 2 3 4 |  4.0
Charms         | 4 5 6 |  6.6
Spellcasting   | 3 5 |  5.4
Hexes          | 1 |  1.2
Maces & Flails | |  0.1
Translocations | |  0.7

Action                   |  1- 3 |  4- 6 |  7- 9 | 10-12 || total
-------------------------+-------+-------+-------+-------++-------
Melee: Short sword       |   157 |    78 |       |       ||   235
       Dagger            |       |    55 |   668 |   260 ||   983
       Mace              |       |    33 |    13 |       ||    46
 Cast: Infusion          |    10 |     7 |    45 |    12 ||    74
       Song of Slaying   |       |     2 |     9 |     5 ||    16
       Regeneration      |       |       |    22 |    10 ||    32
       Spectral Weapon   |       |       |     6 |     1 ||     7
       Corona            |       |       |     2 |     3 ||     5
       Shroud of Golubri |       |       |     6 |     1 ||     7
       Animate Skeleton  |       |       |       |     2 ||     2
       Tukima's Dance    |       |       |       |     1 ||     1
  Use: Potion            |       |     2 |       |     1 ||     3
       Scroll            |       |       |    10 |     2 ||    12
 Stab: Sleeping          |       |     3 |     7 |     2 ||    12
       Distracted        |       |       |     1 |     1 ||     2
  Eat: Chunk             |     4 |     6 |    20 |    10 ||    40
       Bread ration      |       |       |     2 |       ||     2
       Fruit             |       |       |     6 |     1 ||     7
Armor: Leather armour    |    38 |    33 |    71 |       ||   142
       Steam dragon scal |       |       |    21 |    28 ||    49
Dodge: Dodged            |   123 |    90 |   408 |   141 ||   762
